 Dungeon Crawl Stone Soup version 0.24-a0-584-g9d6b971ae4 (webtiles) character file.

Game seed: 6322109506402400214, levelgen mode: deterministic

190 MordorOrchid the Sneak (level 5, -2/36 HPs)
             Began as an Octopode Fighter on Sept 4, 2019.
             Killed from afar by an orc wizard (13 damage)
             ... with a puff of frost
             ... on level 2 of the Dungeon.
             The game lasted 00:03:09 (1025 turns).

MordorOrchid the Sneak (Octopode Fighter)           Turns: 1025, Time: 00:03:10

Health: -2/36      AC:  1    Str: 16    XL:     5   Next: 69%
Magic:  5/5        EV: 12    Int: 11    God:
Gold:   82         SH:  9    Dex: 11    Spells: 4/4 levels left

rFire    . . .     SeeInvis .   a - +0 trident
rCold    . . .     Gourm    .   b - +0 shield
rNeg     . . .     Faith    .   (helmet restricted)
rPois    .         Spirit   .   g - amulet of magic regeneration
rElec    .         Reflect  .   (no ring)
rCorr    .         Harm     .   (no ring)
MR       .....                  (no ring)
Stlth    +++.......             (no ring)
HPRegen  0.12/turn              (no ring)
MPRegen  0.34/turn              (no ring)
                                (no ring)
                                (no ring)

@: lethally poisoned (-2 -> -10), very slightly contaminated, invisible
A: almost no armour, stealthy swim, amphibious, 8 rings, constrict 8, camouflage
1, gelatinous body 1
a: no special abilities


You were on level 2 of the Dungeon.
You were not hungry.

You visited 1 branch of the dungeon, and saw 2 of its levels.

You collected 82 gold pieces.

Inventory:

Hand Weapons
 a - a +0 trident (weapon)
Missiles
 e - 29 stones
 r - 18 javelins (quivered)
Armour
 b - a +0 shield (worn)
Jewellery
 g - an amulet of magic regeneration (around mantle)
Scrolls
 c - a scroll of teleportation {unknown}
 h - 4 scrolls of enchant armour {unknown}
 k - 2 scrolls of blinking {unknown}
 l - a scroll of amnesia {unknown}
 p - a scroll of remove curse {unknown}
Potions
 f - 2 potions of brilliance {unknown}
 j - a potion of haste {unknown}
 m - a potion of lignification {unknown}
 n - a potion of invisibility
 o - a potion of agility {unknown}
 q - a potion of curing
Comestibles
 d - 2 rations
 i - 3 chunks of flesh


   Skills:
 - Level 3.0 Fighting
 * Level 4.0 Polearms
 + Level 3.4 Dodging
 - Level 4.0 Stealth
 + Level 3.5 Shields


You had 4 spell levels left.
You didn't know any spells.
Your spell library was empty.

Dungeon Overview and Level Annotations

Branches:
Dungeon (2/15)

Altars:


Innate Abilities, Weirdness & Mutations

You cannot wear most types of armour.
You are very stealthy in the water. (Stealth+)
You are amphibious.
You can wear up to eight rings at the same time.
You can use your tentacles to constrict eight enemies at once.
Your skin changes colour to match your surroundings (Stealth+).
Your rubbery body absorbs attacks. (AC +1, EV +1)


Message History

The orc wizard points at the orc and mumbles some strange words.
You release your grip on the orc priest.
You feel sick.
You hit the orc priest but do no damage.
Your grab misses the orc priest.
The orc priest is heavily wounded.
You feel sick.
The orc hits you with a +2 whip of venom.
* * * LOW HITPOINT WARNING * * *
You feel better.
The orc hits you with a +2 whip of venom.
You are poisoned.
You block the orc's attack.
Your shield prevents you from hitting the orc.
You grab the orc. You squeeze the orc!
You kill the orc!
You feel sick. The orc wizard casts a spell at you. The puff of frost hits you!
You die...

##### ## ..... . .#...# #
#############.#...#######
.........................
...o...................#
#..............#.###.#
#...).......####..##.#
#..oo@......# ##.##.#
#....#'####....# #.##.#
#..o.#'# #....#####..#.#
#....... #.รท.........#.#
#........ ###............
####.....# #........#...
###+######........#...
................#
..#######.......#


You could see an orc priest (wandering), an orc wizard and an orc.

Vanquished Creatures
  Sigmund (D:2)
  A dart slug (D:2)
  A leopard gecko (D:2)
  An orc (D:2)
  3 giant cockroaches (D:1)
  3 goblins (D:1)
  9 hobgoblins
  A quokka (D:2)
  3 bats
  3 kobolds
  2 rats
28 creatures vanquished.

Notes
Turn   | Place    | Note
-------+----------+-------------------------------------------
     0 | D:1      | MordorOrchid the Octopode Fighter began the quest for the
                  | Orb.
     0 | D:1      | Reached XP level 1. HP: 16/16 MP: 1/1
   141 | D:1      | Reached skill level 1 in Stealth
   141 | D:1      | Reached XP level 2. HP: 16/21 MP: 2/2
   553 | D:2      | Noticed Sigmund
   557 | D:2      | Killed Sigmund
   557 | D:2      | Reached XP level 3. HP: 13/26 MP: 3/3
   557 | D:2      | Reached XP level 4. HP: 15/31 MP: 4/4
   557 | D:2      | Reached XP level 5. HP: 18/36 MP: 5/5
  1025 | D:2      | Killed from afar by an orc wizard

Levels and vault maps discovered:
D:1:      lemuel_arrival_room, layout_basic
D:2:      layout_basic, uniq_sigmund

Skill      XL: |  1  2  3  4  5 |
---------------+----------------+-----
Stealth        | 1 4 |  4.0
Polearms       | 3 4 |  4.0
Fighting       | |  3.0
Dodging        | |  3.4
Shields        | |  3.5

Action                   |  1- 3 |  4- 6 || total
-------------------------+-------+-------++-------
Melee: Trident           |    41 |    29 ||    70
       Constrict         |     9 |     5 ||    14
       Tentacles         |     2 |     4 ||     6
  Use: Potion            |     1 |     2 ||     3
       Scroll            |       |     2 ||     2
 Stab: Sleeping          |     6 |     4 ||    10
       Distracted        |       |     1 ||     1
Armor: Skin              |     2 |       ||     2
Dodge: Dodged            |    11 |     3 ||    14
Block: Shield            |    17 |     9 ||    26

Table legend:
 A = Non-vault XP
 B = Vault XP
 C = Vault XP percentage of total XP
 D = Non-vault monster count
 E = Vault monster count
 F = Vault count percentage of total count
                 A         B        C        D         E       F
            +---------+---------+-------+---------+---------+-------
      Total |      49 |     223 |  82.0 |      27 |       1 |   3.6
            +---------+---------+-------+---------+---------+-------
        D:1 |      26 |       0 |   0.0 |      16 |       0 |   0.0
        D:2 |      23 |     223 |  90.7 |      11 |       1 |   8.3
            +---------+---------+-------+---------+---------+-------
